 Dungeon Crawl Stone Soup version 0.29-a0-25-g7f48f510a0 (webtiles) character file.

Game seed: 6270805139103545975

37 bromine the Skirmisher (level 3, -10/33 HPs)
             Began as a Ghoul Fighter on Jan 28, 2022.
             Mangled by an ogre (23 damage)
             ... on level 2 of the Dungeon on Jan 31, 2022.
             The game lasted 00:24:45 (2285 turns).

bromine the Skirmisher (Ghoul Fighter)              Turns: 2285, Time: 00:24:46

Health: -10/33     AC:  6    Str: 19    XL:     3   Next: 41%
Magic:  2/2        EV:  9    Int:  5    God:
Gold:   86         SH:  4    Dex:  8    Spells: 2/2 levels left

rFire   . . .      SeeInvis .   a - +0 rapier
rCold   + . .      Faith    .   c - +0 buckler
rNeg    + + +      Spirit   .   b - +0 scale mail
rPois   ∞          Reflect  .   (no helmet)
rElec   .          Harm     .   (no cloak)
rCorr   .          Rampage  .   (no gloves)
Will    .....                   (no boots)
Stlth   ..........              (no amulet)
HPRegen 0.00/turn               (no ring)
MPRegen 0.08/turn               (no ring)

@: inhibited regen
A: claws 1, cold resistance 1, negative energy resistance 3, inhibited
regeneration, torment resistance 2
a: no special abilities


You were on level 2 of the Dungeon.
You visited 1 branch of the dungeon, and saw 2 of its levels.

You collected 86 gold pieces.

Inventory:

Hand Weapons
 a - a +0 rapier (weapon)
Armour
 b - a +0 scale mail (worn)
 c - a +0 buckler (worn)
Jewellery
 e - an amulet of reflection
Potions
 f - a potion of lignification {unknown}
 g - a potion of degeneration {unknown}


   Skills:
 + Level 3.8 Fighting
 + Level 2.0 Short Blades
 + Level 3.0 Armour
 + Level 0.1 Dodging
 + Level 3.1 Shields


You had 2 spell levels left.
You didn't know any spells.
Your spell library contained the following spells:

 Spells                   Type           Power      Damage    Failure   Level
 Blink                    Tloc           0%         N/A       97%         2
 Lesser Beckoning         Tloc           0%         N/A       99%         3
 Manifold Assault         Tloc           0%         N/A       100%        5


Dungeon Overview and Level Annotations

Branches:
Dungeon (2/15)

Altars:
Dithmenos


Innate Abilities, Weirdness & Mutations

You thrive by killing the living.
You are immune to poison.
You have sharp fingernails.
Your flesh is cold resistant. (rC+)
You are immune to negative energy. (rN+++)
You do not regenerate when monsters are visible.
You are immune to unholy pain and torment.


Message History

You hit the rat.
You kill the rat!
You see here a rat corpse.
Found a shadowy altar of Dithmenos.
A jackal comes into view.
The jackal barks!
A jackal comes into view.
The jackal barks!
You puncture the jackal!
You kill the jackal!
Your Armour skill increases to level 3!
You hit the jackal.
You kill the jackal!
You see here a jackal corpse.
There is a shadowy altar of Dithmenos here.
You kneel at the altar of Dithmenos.
An adder comes into view.
Found a stone staircase leading up.
The adder hisses angrily.
An ogre comes into view. It is wielding a +0 giant spiked club.
The ogre shouts!
The adder closely misses you. The ogre barely misses you.
The adder bites you but does no damage.
You hit the ogre.
The ogre is lightly wounded.
The adder barely misses you. The ogre closely misses you.
You hit the ogre.
The ogre is moderately wounded.
You block the adder's attack.
The ogre hits you with a +0 giant spiked club!
The adder barely misses you.
You puncture the ogre!
The ogre is heavily wounded.
The adder bites you but does no damage. The ogre closely misses you.
You completely miss the ogre.
The ogre is heavily wounded.
The adder barely misses you. The adder bites you.
The ogre hits you with a +0 giant spiked club!!
Ouch! That really hurt!
You die...

###### #....###
#......# #......# #
#..._†.##### #.
####...........
###.####..........####
##.....##.##########
#....O@...#
........S.##
#.........#
..........#
..........#
#.........#
.#......<## .........


You could see an ogre and an adder.

Vanquished Creatures
  A dart slug (D:1)
  3 ball pythons (D:1)
  3 bats
  3 endoplasms (D:1)
  2 goblins (D:1)
  2 hobgoblins (D:1)
  6 jackals
  2 kobolds (D:1)
  A quokka (D:1)
  A frilled lizard (D:1)
  6 rats
30 creatures vanquished.

Vanquished Creatures (others)
  4 toadstools (D:1)
4 creatures vanquished.

Grand Total: 34 creatures vanquished

Notes
Turn   | Place    | Note
-------+----------+-------------------------------------------
     0 | D:1      | bromine the Ghoul Fighter began the quest for the Orb.
     0 | D:1      | Reached XP level 1. HP: 19/19 MP: 0/0
    66 | D:1      | Reached XP level 2. HP: 4/26 MP: 1/1
    87 | D:1      | Upgraded the game from 0.29-a0-11-ga75d3d97ab to
                  | 0.29-a0-23-ga79f92ac9c
   720 | D:1      | Reached XP level 3. HP: 27/33 MP: 2/2
  1611 | D:1      | Upgraded the game from 0.29-a0-23-ga79f92ac9c to
                  | 0.29-a0-25-g7f48f510a0
  2259 | D:2      | Found a shadowy altar of Dithmenos.
  2277 | D:2      | Noticed an ogre
  2285 | D:2      | Mangled by an ogre

Illustrated notes

Levels and vault maps discovered:
D:1:      ldierk_water_garden, layout_basic, roderic_serpentine_path,
          minmay_misc_feat_columns, kennysheep_crisscross, minmay_statues_item
D:2:      layout_rooms, basic_altar, nicolae_ecumenical_snake_handling

Skill      XL: |  1  2  3 |
---------------+----------+-----
Shields        | 3 |  3.1
Short Blades   | 2 |  2.0
Armour         | 3 |  3.0
Fighting       | |  3.8
Dodging        | |  0.1

Action                   || total
-------------------------++-------
Melee: Rapier            ||   103
  Use: Potion            ||     2
Armor: Scale mail        ||    82
Dodge: Dodged            ||    76
Block: Buckler           ||    28

Table legend: (Time is in decaauts)
 A = Elapsed time spent in this place.
 B = Non-inter-level travel time spent in this place.
 C = Inter-level travel time spent in this place.
 D = Time resting spent in this place.
 E = Time spent auto-exploring this place.
 F = Levels seen in this place.
 G = Mean time per level.
                   A        B        C        D        E       F      G
               +--------+--------+--------+--------+--------+-----+--------+
         Total |   2308 |   1710 |    598 |    400 |      0 |   2 | 1154.0 |
       Dungeon |   2308 |   1710 |    598 |    400 |      0 |   2 | 1154.0 |
               +--------+--------+--------+--------+--------+-----+--------+

Top non-repeatable levels by time:
     D:1: 2253 daAuts
     D:2: 55 daAuts
